 Dungeon Crawl Stone Soup version 0.26.1-11-gd32895ea62 (webtiles) character file.

Game seed: 5080328662725824933

11965 Almogavar the Thaumaturge (level 11, 0/43 HPs)
             Began as a Felid Conjurer on May 20, 2021.
             Was a High Priest of Sif Muna.
             Splashed by an oklob plant's acid (6 damage)
             ... on level 1 of the Lair of Beasts.
             The game lasted 01:11:32 (20720 turns).

Almogavar the Thaumaturge (Felid Conjurer)         Turns: 20720, Time: 01:11:34

Health: 0/43       AC: -2    Str:  4    XL:     11   Next: 56%
Magic:  0/37       EV: 23    Int: 27    God:    Sif Muna [*****.]
Gold:   134        SH:  0    Dex: 16    Spells: 17/34 levels left
                                        Lives:  0   Deaths: 3

rFire    . . .     SeeInvis +   (weapon unavailable)
rCold    . . .     Faith    .   (shield unavailable)
rNeg     . . .     Spirit   +   (armour unavailable)
rPois    .         Reflect  .   (helmet unavailable)
rElec    .         Harm     .   (cloak unavailable)
rCorr    .         Rampage  .   (gloves unavailable)
Will     +....                  (boots unavailable)
Stlth    ++++......             D - amulet of guardian spirit
HPRegen  0.14/turn              k - +6 ring of intelligence
MPRegen  0.25/turn              m - ring of magical power

@: corroded, quick
A: very small, no armour, no weapons or thrown items, stealth, claws 1, fangs 3,
see invisible, speed 1, shaggy fur 2, sharp paws
a: Renounce Religion, Channel Magic, Forget Spell, Divine Exegesis


You were on level 1 of the Lair of Beasts.
You worshipped Sif Muna.
Sif Muna was extremely pleased with you.
You visited 3 branches of the dungeon, and saw 13 of its levels.

You collected 733 gold pieces.
You spent 599 gold pieces at shops.

Inventory:

Jewellery
 b - an uncursed ring of protection from fire
 e - a +6 ring of dexterity
 k - a +6 ring of intelligence (left paw)
 m - a ring of magical power (right paw)
 x - an uncursed ring of flight
 A - an uncursed ring of protection from cold
 D - an amulet of guardian spirit (around neck)
Wands
 i - a wand of iceblast (5)
 s - a wand of paralysis (10)
 v - a wand of flame (18)
 y - a wand of random effects (24)
 z - a wand of disintegration (7)
 B - a wand of digging (4)
Scrolls
 a - 7 scrolls of remove curse
 d - 3 scrolls of fog
 f - a scroll of fear
 g - 6 scrolls of amnesia
 h - 5 scrolls of teleportation
 u - a scroll of vulnerability {unknown}
 w - a scroll of torment {unknown}
Potions
 c - 2 potions of berserk rage
 j - a potion of haste
 l - a potion of magic
 n - 7 potions of ambrosia
 o - a potion of curing
 q - a potion of attraction {unknown}
 r - a potion of lignification {unknown}
 t - a potion of invisibility {unknown}
Miscellaneous
 p - a box of beasts
 C - a condenser vane


   Skills:
 + Level 2.3 Fighting
 * Level 7.4 Dodging
 + Level 8.5 Stealth
 + Level 12.1 Spellcasting
 + Level 11.0 Conjurations
 + Level 8.2 Hexes


You had 17 spell levels left.
You knew the following spells:

 Your Spells              Type           Power        Failure   Level
a - Magic Dart            Conj           100%         1%          1
b - Searing Ray           Conj           100%         1%          2
c - Dazzling Flash        Conj/Hex       100%         1%          3
d - Slow                  Hex            57%          1%          2
e - Fulminant Prism       Conj/Hex       31%          1%          4
f - Mephitic Cloud        Conj/Pois/Air  36%          2%          3
g - Call Imp              Summ           16%          5%          2

Your spell library contained the following spells:

 Spells                   Type           Power        Failure   Level
 Conjure Flame            Conj/Fire      46%          1%          3
 Summon Small Mammal      Summ           64%          3%          1
 Hailstorm                Conj/Ice       46%          3%          4
 Iskenderun's Mystic Bla  Conj/Tloc      46%          3%          4
 Blink                    Tloc           N/A          5%          2
 Irradiate                Conj/Tmut      23%          10%         5
 Conjure Ball Lightning   Conj/Air       23%          50%         6
 Starburst                Conj/Fire      23%          50%         6
 Hydra Form               Tmut           8%           99%         6
 Statue Form              Tmut/Erth      10%          99%         6
 Dragon Form              Tmut           8%           100%        7
 Lehudib's Crystal Spear  Conj/Erth      23%          100%        8


Dungeon Overview and Level Annotations

Branches:
Dungeon (11/15)            Temple (1/1) D:4            Lair (1/6) D:11
    Orc (0/2) D:11

Altars:
Ashenzari
Cheibriados
Dithmenos
Elyvilon
Fedhas
Hepliaklqana
Kikubaaqudgha
Makhleb
Nemelex Xobeh
Okawaru
Qazlal
Ru
Sif Muna
Trog
Uskayaw
Vehumet
Wu Jian
Xom
Yredelemnul
Zin
The Shining One

Shops:
D:9 *!   D:11 }

Annotations:
Lair:1 3 runed translucent doors, exclusion: 2 oklob plants, H0rd4k's ghost, journeyman OpTm; Zomocvol's ghost, journeyman HOBe


Innate Abilities, Weirdness & Mutations

You cannot wear armour.
You are incapable of wielding weapons or throwing items.
Your paws allow you to move quietly. (Stealth)
You have sharp claws.
You have razor-sharp teeth.
You have supernaturally acute eyesight. (SInv)
You cover ground quickly.
You are covered in thick fur. (AC +2)
Your sharp claws are effective at attacking unaware monsters.


Message History

The splash of acid hits you!
You are splashed with acid!
Casting: Searing Ray (safe; 1% risk of failure)
Confirm with . or Enter, or press ? or * to list all spells.
Aiming: Searing Ray (safe; 1% risk of failure)
Press: ? - help, Shift-Dir - straight line, f/p - oklob plant
Aim: an oklob plant (heavily damaged, 0% to evade)
The searing ray hits the oklob plant!
The oklob plant is heavily damaged. (Press . to maintain the ray.)
The oklob plant spits acid at you. The splash of acid misses you.
The searing ray hits the oklob plant.
The oklob plant is severely damaged.
The searing ray hits the oklob plant.
The oklob plant is severely damaged.
The oklob plant spits acid at you. The splash of acid hits you!
* * * LOW HITPOINT WARNING * * *
The acid corrodes you!
You are splashed with acid!
You die...

## ####### ### ### P(# #
#.##P.###.###.####P..## # #
##............@...$.".. # #
#.........#####.#PP.### # #
#..........# ##.......# ### #
####.........####......#####.####
.............# #......## #.......
.............###.#....####.......
..........#...#.'#+.#............
#####...#+....#.......#.#........
# ####.....##.....##.....#.....


You could see an oklob plant.

Vanquished Creatures
  Gastronok (D:8)
  2 hydras
  An unseen horror (D:11)
  A cyclops (D:11)
  An ugly thing (D:11)
  Maurice (D:8)
  A black mamba (Lair:1)
  Joseph (D:10)
  Psyche (D:8)
  2 cane toads (Lair:1)
  2 komodo dragons
  Prince Ribbit (D:8)
  A queen bee (D:10)
  2 trolls
  A hornet (D:10)
  3 wyverns
  A wraith (D:10)
  8 yaks (Lair:1)
  A human (D:11)
  A basilisk (Lair:1)
  Menkaure (D:6)
  2 wargs (D:11)
  7 water moccasins
  5 sky beasts
  3 phantoms
  3 ice beasts
  4 orc warriors
  An eye of draining (D:10)
  4 black bears
  A necrophage (D:9)
  2 ogres
  3 centaurs
  A big kobold (D:11)
  8 bullfrogs
  6 scorpions
  25 killer bees (D:10)
  4 wights (D:7)
  5 howler monkeys (D:8)
  2 bullfrog zombies
  A quasit (D:10)
  10 orc priests
  4 hounds
  6 jellies
  19 orc wizards
  3 iguanas
  10 worker ants
  2 hound zombies
  8 gnolls
  2 howler monkey skeletons
  14 adders
  2 shadow imps
  A white imp (D:8)
  2 adder skeletons
  2 worms
  3 dart slugs
  4 leopard geckos
  50 orcs
  7 giant cockroaches
  7 goblins
  6 hobgoblins
  13 jackals
  3 quokkas
  3 ball pythons
  10 bats
  6 frilled lizards
  A jackal skeleton (D:4)
  14 kobolds
  A leopard gecko zombie (D:5)
  A quokka skeleton (D:8)
  7 rats
342 creatures vanquished.

Vanquished Creatures (others)
  13 fulminant prisms
  3 fungi (Lair:1)
  40 plants
  6 withered plants (Lair:1)
62 creatures vanquished.

Grand Total: 404 creatures vanquished

Notes
Turn   | Place    | Note
-------+----------+-------------------------------------------
     0 | D:1      | Almogavar the Felid Conjurer began the quest for the Orb.
     0 | D:1      | Reached XP level 1. HP: 7/7 MP: 4/4
   158 | D:1      | Reached XP level 2. HP: 11/11 MP: 0/6
   216 | D:1      | Learned a level 2 spell: Searing Ray
   803 | D:1      | Reached XP level 3. HP: 14/14 MP: 4/7
  1526 | D:2      | Found a white marble altar of Elyvilon.
  1723 | D:2      | Learned a level 3 spell: Dazzling Flash
  1758 | D:2      | Reached XP level 4. HP: 18/18 MP: 1/9
  1975 | D:2      | Found a bloodstained altar of Trog.
  2400 | D:2      | Found a basalt altar of Yredelemnul.
  2645 | D:3      | Reached skill level 3 in Spellcasting
  2645 | D:3      | Reached skill level 5 in Conjurations
  2645 | D:3      | Reached XP level 5. HP: 21/21 MP: 3/10
  3424 | D:4      | Found a staircase to the Ecumenical Temple.
  3442 | Temple   | Entered the Ecumenical Temple
  3598 | Temple   | Became a worshipper of Sif Muna the Loreminder
  3623 | D:4      | Reached skill level 4 in Spellcasting
  3693 | D:4      | Gained mutation: You are covered in thick fur. (AC +2)
                  | [Felid growth]
  3693 | D:4      | Reached XP level 6. HP: 24/24 MP: 7/13
  4099 | D:4      | Reached XP level 7. HP: 28/28 MP: 5/15
  4234 | D:4      | Found a sparkling altar of Nemelex Xobeh.
  4380 | D:4      | Found an iron altar of Okawaru.
  4575 | D:5      | Entered Level 5 of the Dungeon
  4582 | D:5      | Reached * piety under Sif Muna
  4657 | D:5      | Reached skill level 5 in Spellcasting
  4871 | D:5      | Shot with an arrow by a centaur
  4872 | D:5      | Reached XP level 6. HP: -1/25 MP: 14/15
  5003 | D:5      | Reached XP level 7. HP: 14/28 MP: 11/16
  5518 | D:5      | Reached skill level 1 in Fighting
  5518 | D:5      | Reached skill level 6 in Spellcasting
  6944 | D:6      | Reached XP level 8. HP: 19/32 MP: 11/19
  7445 | D:6      | Reached skill level 7 in Spellcasting
  7659 | D:6      | Reached skill level 5 in Stealth
  7769 | D:6      | Noticed Menkaure
  7773 | D:6      | Killed Menkaure
  8138 | D:6      | Reached ** piety under Sif Muna
  8473 | D:7      | Noticed a hornet
  8822 | D:7      | Reached skill level 8 in Spellcasting
  8858 | D:7      | Reached skill level 1 in Hexes
  9085 | D:7      | Reached XP level 9. HP: 35/35 MP: 14/22
  9885 | D:8      | Learned a level 2 spell: Slow
 10063 | D:8      | Noticed Maurice
 10084 | D:8      | Killed Maurice
 10159 | D:8      | Noticed Prince Ribbit
 10166 | D:8      | Killed Prince Ribbit
 10257 | D:8      | Noticed Gastronok
 10326 | D:8      | Killed from afar by Gastronok
 10327 | D:8      | Reached XP level 8. HP: -1/32 MP: 15/21
 10435 | D:8      | Noticed Psyche
 10447 | D:8      | Killed Psyche
 10448 | D:8      | Reached skill level 9 in Spellcasting
 10723 | D:8      | Reached XP level 9. HP: 12/35 MP: 14/23
 11345 | D:8      | Reached *** piety under Sif Muna
 11647 | D:8      | Reached skill level 5 in Hexes
 12066 | D:8      | Learned a level 4 spell: Fulminant Prism
 12083 | D:8      | Killed Gastronok
 12084 | D:8      | Reached skill level 10 in Spellcasting
 12084 | D:8      | Reached XP level 10. HP: 39/39 MP: 5/25
 12528 | D:9      | Learned a level 3 spell: Mephitic Cloud
 12805 | D:9      | Found Malomen's Distillery.
 12828 | D:9      | Bought a potion of curing for 39 gold pieces
 12947 | D:9      | Reached skill level 5 in Dodging
 13163 | D:9      | Reached skill level 10 in Conjurations
 13241 | D:9      | Found Zudicas's Serpentskin Sales.
 13365 | D:10     | Entered Level 10 of the Dungeon
 13492 | D:10     | Paralysed by a hornet for 3 turns
 14120 | D:10     | Found a shimmering altar of Xom.
 14255 | D:10     | Reached **** piety under Sif Muna
 14739 | D:10     | Noticed Joseph
 14751 | D:10     | Shot with a sling bullet by Joseph
 14752 | D:10     | Reached XP level 9. HP: -10/35 MP: 25/33
 14957 | D:10     | Killed Joseph
 15154 | D:10     | Noticed a queen bee
 15166 | D:10     | HP: 1/35 [killer bee (9)]
 15176 | D:10     | Reached XP level 10. HP: 20/39 MP: 22/25
 15421 | D:10     | Reached skill level 11 in Spellcasting
 15484 | D:10     | HP: 1/39 [killer bee (6)]
 16040 | D:11     | Noticed a cyclops
 16046 | D:11     | HP: 1/39 [cyclops/large rock (38)]
 16465 | D:11     | Killed a cyclops
 16618 | D:11     | Reached ***** piety under Sif Muna
 16630 | D:11     | Noticed a five-headed hydra
 16649 | D:11     | Killed a five-headed hydra
 16670 | D:11     | Identified Sif Muna's Volume of Calling and Arcane Weapons
                  | (Sif Muna gifted it to you on level 11 of the Dungeon)
 16670 | D:11     | Received a gift from Sif Muna
 17028 | D:11     | Noticed an unseen horror
 17035 | D:11     | Killed an unseen horror
 17313 | D:11     | Noticed a brown ugly thing
 17324 | D:11     | Killed a brown ugly thing
 17325 | D:11     | Reached XP level 11. HP: 8/43 MP: 21/27
 17633 | D:11     | Found a staircase to the Orcish Mines.
 18049 | D:11     | Found Notzilac's Gadget Shop.
 18056 | D:11     | Bought a condenser vane for 560 gold pieces
 18165 | D:11     | Found a staircase to the Lair.
 18374 | Lair:1   | Entered Level 1 of the Lair of Beasts
 18514 | Lair:1   | Noticed a four-headed hydra
 18524 | Lair:1   | Killed a four-headed hydra
 18748 | Lair:1   | Found a runed translucent gate.
 18748 | Lair:1   | Found a runed translucent gate.
 18748 | Lair:1   | Found a runed translucent gate.
 18749 | Lair:1   | Noticed Zomocvol's ghost (journeyman HOBe)
 18750 | Lair:1   | Noticed H0rd4k's ghost (journeyman OpTm)
 18864 | Lair:1   | Noticed an oklob plant
 19682 | Lair:1   | Reached skill level 12 in Spellcasting
 19883 | Lair:1   | Learned a level 2 spell: Call Imp
 20240 | Lair:1   | Noticed an oklob plant
 20720 | Lair:1   | Splashed by an oklob plant's acid

Illustrated notes

Levels and vault maps discovered:
D:1:      moated_graveyard_arrival, layout_loops_ring
D:2:      layout_rooms, kennysheep_ying_yang, lemuel_round_altar
D:3:      layout_rooms
D:4:      layout_rooms, nicolae_overflow_crystal_walls,
          minmay_temple_entry_slanted, chequers_serial_rivers_small_b,
          st_stairs_1, nemelex_altar_shiori
D:5:      layout_cave_pods
D:6:      nicolae_whirlpool, layout_rooms, amcnicky_mini_rare_corridor_liquid,
          dk_noncrumbling_2, moated_statue, serial_bayou_pond_d, uniq_menkaure
D:7:      layout_basic
D:8:      layout_basic, uniq_gastronok, uniq_maurice, uniq_prince_ribbit1,
          uniq_psyche
D:9:      layout_irregular_city, serial_shops, shop,
          chequers_serial_rivers_micro_b, guppyfry_shop_venom
D:10:     layout_cave_pods, special_room [special_room_bee], basic_altar,
          kennysheep_generic_room_3, uniq_joseph
D:11:     layout_long_grid, david_lair_shrubbed, erik_orc_4, serial_shops, shop
Temple:   regret_index_temple_mists
Lair:1:   layout_small_grid, gammafunk_ghost_cemetery,
          minmay_lair_oklob_chamber, grunt_megastairs_3

Skill      XL: |  1  2  3  4  5  6  7  8  9 10 11 |
---------------+----------------------------------+-----
Conjurations   | 4 5 7 9 10 11 | 11.0
Dodging        | 3 4 6 7 |  7.4
Stealth        | 3 4 5 6 8 |  8.5
Spellcasting   | 3 4 6 9 10 11 12 | 12.1
Fighting       | 1 2 |  2.3
Hexes          | 2 6 7 8 |  8.2

Action                   |  1- 3 |  4- 6 |  7- 9 | 10-12 || total
-------------------------+-------+-------+-------+-------++-------
Melee: Unarmed           |     3 |     5 |    22 |     1 ||    31
       Bite              |       |       |     2 |       ||     2
 Cast: Magic Dart        |    65 |    63 |   152 |   165 ||   445
       Searing Ray       |     5 |    25 |    98 |   116 ||   244
       Slow              |       |       |     3 |    20 ||    23
       Fulminant Prism   |       |       |     1 |    12 ||    13
       Dazzling Flash    |       |       |     1 |       ||     1
Evoke: Wand              |       |       |       |     1 ||     1
  Use: Scroll            |       |     2 |       |    10 ||    12
       Potion            |       |       |     3 |     6 ||     9
Armor: Skin              |       |       |     5 |     2 ||     7
Dodge: Dodged            |     5 |    14 |    88 |   146 ||   253
